 Dungeon Crawl Stone Soup version 0.20-a0-1015-g2ec8a95 (webtiles) character file.

124672 mopl the Martial Artist (level 16, -2/125 HPs)
             Began as a Gnoll Transmuter on Apr 13, 2017.
             Was the Champion of Wu Jian.
             Slain by a very large slime creature (22 damage)
             ... on level 1 of the Swamp on Apr 15, 2017.
             The game lasted 01:42:52 (35053 turns).

mopl the Martial Artist (Gnoll Transmuter)         Turns: 35053, Time: 01:42:52

Health: -2/125     AC:  8    Str:  9    XL:     16   Next: 93%
Magic:  29/29      EV: 22    Int: 14    God:    Wu Jian [******]
Gold:   1804       SH:  0    Dex: 27    Spells: 1/33 levels left

rFire    . . .     SeeInvis +     - Unarmed
rCold    . . .     Gourm    .   (shield currently unavailable)
rNeg     . . .     Faith    .   j - +0 troll leather armour
rPois    .         Spirit   .   r - +2 helmet
rElec    .         Reflect  .   P - +0 cloak
rCorr    .         Harm     .   (gloves currently unavailable)
MR       +....                  (no boots)
Stlth    ++++......             B - amulet of magic regeneration
Regen    0.7/turn               T - +6 ring of dexterity
MPRegen  0.4/turn               C - ring of protection from magic

@: blade hands, drained
A: short attention span, fangs 1, see invisible, strong nose
a: End Transformation, Serpent's Lash, Heavenly Storm, Renounce Religion


You were on level 1 of the Swamp.
You worshipped Wu Jian.
Wu Jian was exalted by your worship.
You were hungry.
You had blades for hands.
You visited 4 branches of the dungeon, and saw 24 of its levels.
You also visited: Labyrinth, Ice Cave and Volcano.

You collected 2555 gold pieces.
You spent 751 gold pieces at shops.

Inventory:

Missiles
 a - 462 arrows
 K - 45 tomahawks (quivered)
 N - 2 throwing nets
Armour
 e - the +2 leather armour "Neeth" {rF+ rN++ MR-}
   (You found it on level 13 of the Dungeon)

   It protects you from fire.
   It greatly protects you from negative energy.
   It affects your resistance to hostile enchantments.
 j - a +0 troll leather armour (worn)
 r - a +2 helmet (worn)
 t - a +2 pair of gloves (melded)
 P - a +0 cloak (worn)
Magical Staves
 X - an uncursed staff of earth
Jewellery
 z - an uncursed ring of fire
 B - an amulet of magic regeneration (around neck)
 C - a ring of protection from magic (right scythe-like blade)
 F - an uncursed ring of flight
 G - an uncursed ring of wizardry
 R - an uncursed ring of positive energy
 T - a +6 ring of dexterity (left scythe-like blade)
Wands
 c - a wand of lightning (11/15)
 g - a wand of acid (7/15)
 v - a wand of paralysis (8/24)
 E - a wand of confusion (30/48)
 J - a wand of polymorph (16/24)
 M - a wand of iceblast (10/15)
 U - a wand of scattershot (1/9)
Scrolls
 b - 5 scrolls of teleportation
 h - a scroll of enchant weapon
 l - 4 scrolls of remove curse
 n - 7 scrolls of magic mapping
 o - 3 scrolls of blinking
 q - 3 scrolls of identify
 y - 2 scrolls of fear
 I - 3 scrolls of fog
 S - 2 scrolls of summoning
Potions
 f - 2 potions of might
 i - 2 potions of curing
 p - 2 potions of resistance
 s - a potion of ambrosia
 u - 2 potions of agility
 x - a potion of berserk rage {!q}
 A - a potion of cancellation
 D - 2 potions of lignification {!q}
 V - 3 potions of haste
 Z - 3 potions of heal wounds
Miscellaneous
 w - a lamp of fire
 O - a lightning rod (4/4)
Comestibles
 d - 10 bread rations


   Skills:
 - Level 11.0(9.9) Fighting
 + Level 11.4(10.4) Dodging
 - Level 8.0(7.0) Stealth
 * Level 13.5(12.4) Unarmed Combat
 + Level 9.2(8.2) Spellcasting
 + Level 9.8(8.8) Hexes
 + Level 10.2(9.2) Transmutations
 - Level 4.0(3.1) Ice Magic
 + Level 10.2(9.2) Earth Magic
 - Level 2.0(1.2) Poison Magic


You had one spell level left.
You knew the following spells:

 Your Spells              Type           Power        Failure   Level  Hunger
a - Apportation           Tloc           #.....       58%         1    None
b - Spider Form           Tmut/Pois      ###.......   45%         3    ##.....
c - Blade Hands           Tmut           ####......   54%         5    #####..
d - Ice Form              Ice/Tmut       ###.....     58%         4    ####...
f - Petrify               Tmut/Erth      ####....     32%         4    ####...
h - Hydra Form            Tmut           ####......   96%         6    #######
p - Passwall              Tmut/Erth      ####......   14%         2    None
w - Sticks to Snakes      Tmut           ####....     14%         2    None
y - Yara's Violent Unrav  Hex/Tmut       ####......   54%         5    #####..


Dungeon Overview and Level Annotations

Branches:
Dungeon (15/15)            Temple (0/1) D:4            Lair (6/6) D:10
  Swamp (1/4) Lair:4       Spider (0/4) Lair:2        Slime (0/5) Lair:5
    Orc (2/2) D:10            Elf (0/3) Orc:2        Vaults (0/5) D:13
 Depths: D:15

Altars:
Ashenzari
Dithmenos
Fedhas
Gozag
Makhleb
Nemelex Xobeh
Okawaru
Ru
Sif Muna
Uskayaw
Wu Jian
Xom
Beogh

Shops:
D:12 ?   Orc:2 :[(*

Annotations:
D:13 exclusion: obsidian statue
Lair:5 exclusion: 2 oklob plants


Innate Abilities, Weirdness & Mutations

You have a short attention span.
You have very sharp teeth.
You have supernaturally acute eyesight. (SInv)
Your uncanny sense of smell can sniff out nearby items.


Message History

You slash the large slime creature!
Your bite misses the large slime creature.
The large slime creature is heavily wounded.
Two slime creatures merge to form a very large slime creature.
The slime creature barely misses you.
Unknown command.
You spin and attack the slime creature.
You slash the slime creature!
The slime creature is moderately wounded.
The slime creature hits you!
* * * LOW HITPOINT WARNING * * *
You spin and attack the slime creature.
You slice the slime creature!! Your bite misses the slime creature.
The slime creature is severely wounded.
The slime creature hits you!
* * * LOW HITPOINT WARNING * * *
You spin and attack the slime creature.
You slice the slime creature!!
You kill the slime creature!
The Council accepts your kill.
The very large slime creature hits you!!
You die...

♣.§≈≈.≈♣♣.......≈≈....≈♣.≈≈..≈♣
♣.≈≈..♣♣≈..§♣♣..≈....♣♣≈.≈≈≈≈≈♣
♣≈≈≈..........≈♣≈.≈≈.♣♣≈.≈≈≈≈≈≈
♣≈..≈≈≈≈..♣.≈≈.≈♣≈≈≈≈.♣♣....≈≈.
♣♣♣♣.≈≈≈≈...♣≈≈≈≈≈.≈≈≈≈≈......≈≈.
≈.♣♣..≈≈§.♣....≈≈≈....≈≈..≈§.....
♣.......≈♣♣.≈..≈....♣♣≈.≈.≈≈≈...§
.≈≈≈.♣♣≈♣♣.≈........§...♣≈≈≈≈.≈♣♣
.§≈≈≈♣♣♣♣♣......@...♣.≈≈♣♣...♣♣♣
..≈.♣♣ ♣♣....#J##...≈.≈...♣♣♣
≈≈♣♣♣♣ ♣♣........#.#...§≈≈.♣
≈.≈≈≈♣♣♣.......###.....≈≈≈§♣ ♣
...≈≈.≈♣.##............≈≈.≈♣ ♣
♣♣.≈≈.≈≈.#..#.....###..≈≈.♣♣ ♣♣
♣≈...≈≈.......♣..###..≈≈.≈♣ ♣♣.
♣♣♣.≈≈≈......♣♣♣(.....≈≈.♣♣ ♣♣.≈
♣.≈≈≈.###..≈♣§......≈≈..♣♣♣.≈≈


You could see a very large slime creature.

Vanquished Creatures
  Saint Roka (Orc:2)
  2 orc warlords
  A frost giant (IceCv)
  A fire dragon (D:13)
  A minotaur (Lab)
  An ogre mage (D:13)
  Erolcha (Orc:1)
  3 hydras
  An ice dragon (Lair:3)
  A ghost crab (Swamp:1)
  8 two-headed ogres
  Erica (D:8)
  7 centaur warriors
  6 death yaks
  A tengu warrior (D:15)
  An orc high priest (Orc:2)
  A deep elf knight (D:13)
  The ghost of North the Zephyrmancer, a novice TeAE of Sif Muna (D:8)
  Nergalle (Orc:2)
  18 skeletal warriors
  The ghost of lordofallpotatos the Skirmisher, a novice DsGl of Wu Jian (D:7)
  2 unseen horrors
  A wizard (D:14)
  A deep elf archer (Orc:2)
  4 orc knights
  A swamp dragon (Swamp:1)
  An anaconda skeleton (Volcano)
  11 ugly things
  5 manticores
  2 orc sorcerers (Orc:2)
  3 deep elf magi
  2 cyclopes
  Maurice (D:8)
  24 elephants
  A black mamba (shapeshifter) (D:15)
  A torpor snail (Lair:4)
  2 ice statues
  7 black mambas
  6 gargoyles
  5 komodo dragons
  12 spiny frogs
  An efreet (D:13)
  5 rime drakes
  2 ice devils (Lair:1)
  7 trolls
  19 polar bears
  7 hornets
  The ghost of Doomer the Bolt Thrower, an amateur OpAM of Elyvilon (D:5)
  13 hippogriffs
  A dream sheep (shapeshifter) (D:13)
  7 slime creatures (Swamp:1)
  14 blink frogs
  2 redbacks (Lair:2)
  2 flying skulls (Volcano)
  2 alligator skeletons (Volcano)
  A spriggan (shapeshifter) (D:15)
  44 yaks
  3 wyverns
  13 spriggans (Lair:6)
  3 shadows
  A human (shapeshifter) (D:15)
  4 water elementals
  2 humans (D:7)
  3 wraiths
  Eustachio (D:6)
  2 hungry ghosts
  A vampire mosquito (Lair:4)
  2 steam dragons
  5 basilisks
  3 wargs (Orc:2)
  2 acid dragons
  A soldier ant (D:15)
  8 swamp worms
  13 water moccasins
  3 swamp drakes (Swamp:1)
  9 porcupines
  A hornet zombie (D:7)
  15 ice beasts
  6 sky beasts
  7 black bears
  An eye of draining (D:8)
  30 orc warriors
  3 phantoms
  8 boggarts
  9 ogres
  5 centaurs
  29 wolves
  15 crocodiles
  10 bullfrogs
  3 big kobolds
  4 scorpions
  17 killer bees
  3 wights (D:11)
  A spriggan skeleton (Volcano)
  A troll skeleton (Volcano)
  12 howler monkeys
  15 electric eels
  6 crimson imps
  4 centaur zombies
  6 jellies
  2 bullfrog zombies
  35 orc wizards
  A wyvern simulacrum (D:14)
  5 centaur skeletons
  18 orc priests
  2 bullfrog skeletons
  7 hounds
  Jessica (D:7)
  6 iguanas
  10 worker ants
  2 hound zombies
  A hound skeleton (D:5)
  Robin (D:3)
  A howler monkey skeleton (D:6)
  10 adders
  2 gnolls
  2 shadow imps
  A white imp (Lair:3)
  An ooze (D:2)
  7 worms
  5 dart slugs
  5 leopard geckos
  114 orcs
  4 ball pythons
  5 giant cockroaches
  14 goblins
  9 hobgoblins
  16 jackals
  3 quokkas
  3 bats (D:1)
  4 frilled lizards
  18 kobolds
  2 leopard gecko skeletons
  8 rats
  A bush (Lair:4)
  2 fungi (Lair:6)
897 creatures vanquished.

Vanquished Creatures (collateral kills)
  A frilled lizard (D:1)
1 creature vanquished.

Vanquished Creatures (others)
  A flying skull (Volcano)
  A bullfrog (D:8)
  A jelly (D:12)
  An orc priest (Orc:2)
  An orc (Orc:1)
  8 fungi
  7 plants
20 creatures vanquished.

Grand Total: 918 creatures vanquished

Notes
Turn   | Place    | Note
-------+----------+-------------------------------------------
     0 | D:1      | mopl the Bultungin Transmuter began the quest for the Orb.
     0 | D:1      | Reached XP level 1. HP: 15/15 MP: 4/4
   182 | D:1      | Reached XP level 2. HP: 18/21 MP: 4/6
   187 | D:1      | Learned a level 2 spell: Sticks to Snakes
   287 | D:1      | Reached skill level 5 in Unarmed Combat
   376 | D:1      | Reached XP level 3. HP: 25/26 MP: 5/8
   414 | D:1      | Learned a level 3 spell: Spider Form
   465 | D:1      | Reached skill level 4 in Transmutations
   534 | D:1      | Reached skill level 1 in Poison Magic
  1158 | D:2      | Reached XP level 4. HP: 31/32 MP: 7/9
  1269 | D:2      | Noticed a dagger
  1270 | D:2      | Noticed a hand axe
  1272 | D:2      | Found a hide-covered altar of Uskayaw.
  1562 | D:2      | Found an ornate altar of the Wu Jian Council.
  1567 | D:2      | Became a worshipper of the Wu Jian Council
  1991 | D:3      | Learned a level 4 spell: Ice Form
  2074 | D:3      | Reached skill level 4 in Spellcasting
  2075 | D:3      | Reached skill level 6 in Unarmed Combat
  2077 | D:3      | Reached skill level 2 in Poison Magic
  2088 | D:3      | Found a shimmering altar of Xom.
  2162 | D:3      | Noticed Robin
  2170 | D:3      | Reached XP level 5. HP: 33/37 MP: 11/11
  2183 | D:3      | Killed Robin
  2183 | D:3      | Reached * piety under Wu Jian
  2183 | D:3      | Reached skill level 2 in Fighting
  2724 | D:3      | Reached skill level 5 in Transmutations
  2730 | D:3      | Found a blossoming altar of Fedhas.
  3046 | D:4      | Reached skill level 1 in Ice Magic
  3046 | D:4      | Reached XP level 6. HP: 46/46 MP: 12/12
  3053 | D:4      | Reached skill level 7 in Unarmed Combat
  3067 | D:4      | Reached skill level 3 in Fighting
  3204 | D:4      | Reached skill level 2 in Ice Magic
  3247 | D:4      | Reached ** piety under Wu Jian
  3247 | D:4      | Reached skill level 4 in Dodging
  3358 | D:4      | Reached XP level 7. HP: 41/52 MP: 13/13
  3587 | D:4      | Reached skill level 3 in Ice Magic
  3595 | D:4      | Reached skill level 4 in Fighting
  3647 | D:4      | Found a staircase to the Ecumenical Temple.
  3660 | D:4      | Reached skill level 8 in Unarmed Combat
  3708 | D:4      | Found a shadowy altar of Dithmenos.
  3974 | D:5      | Entered Level 5 of the Dungeon
  4328 | D:5      | Reached skill level 5 in Dodging
  4328 | D:5      | Reached skill level 4 in Ice Magic
  4345 | D:5      | Reached XP level 8. HP: 52/61 MP: 14/14
  4382 | D:5      | Reached skill level 5 in Fighting
  4509 | D:5      | Noticed Doomer's ghost (amateur OpAM)
  4517 | D:5      | Killed Doomer's ghost
  4523 | D:5      | Reached skill level 9 in Unarmed Combat
  4542 | D:5      | Reached skill level 6 in Dodging
  4542 | D:5      | Reached skill level 6 in Transmutations
  4755 | D:5      | Reached skill level 6 in Fighting
  5059 | D:6      | Reached *** piety under Wu Jian
  5314 | D:6      | Noticed Eustachio
  5327 | D:6      | Killed Eustachio
  5327 | D:6      | Reached XP level 9. HP: 67/71 MP: 15/15
  5417 | D:6      | Learned a level 5 spell: Blade Hands
  5419 | D:6      | Found a burning altar of Makhleb.
  5464 | D:6      | Reached skill level 7 in Fighting
  5464 | D:6      | Reached skill level 7 in Dodging
  5464 | D:6      | Reached skill level 7 in Transmutations
  5909 | D:6      | Found a sacrificial altar of Ru.
  6123 | D:7      | Found an iron altar of Okawaru.
  6139 | D:7      | Reached skill level 10 in Unarmed Combat
  6707 | D:7      | Reached skill level 8 in Fighting
  6707 | D:7      | Reached skill level 8 in Dodging
  6707 | D:7      | Reached skill level 8 in Transmutations
  6707 | D:7      | Reached XP level 10. HP: 80/80 MP: 11/16
  6831 | D:7      | Reached **** piety under Wu Jian
  6888 | D:7      | Noticed lordofallpotatos's ghost (novice DsGl)
  6904 | D:7      | Killed lordofallpotatos's ghost
  7006 | D:7      | Noticed Jessica
  7013 | D:7      | Killed Jessica
  7016 | D:7      | Found a deep blue altar of Sif Muna.
  7093 | D:7      | Found a shattered altar of Ashenzari.
  7271 | D:8      | Noticed Maurice
  7287 | D:8      | Killed Maurice
  7615 | D:8      | Noticed Erica
  7623 | D:8      | Killed Erica
  7674 | D:8      | Reached skill level 9 in Fighting
  7782 | D:8      | Noticed North's ghost (novice TeAE)
  7806 | D:8      | Killed North's ghost
  7806 | D:8      | Reached skill level 9 in Dodging
  7806 | D:8      | Reached skill level 9 in Transmutations
  7806 | D:8      | Reached XP level 11. HP: 74/89 MP: 9/17
  7893 | D:8      | Noticed a two-headed ogre
  7904 | D:8      | Killed a two-headed ogre
  7904 | D:8      | Reached skill level 11 in Unarmed Combat
  8101 | D:8      | Found a sparkling altar of Nemelex Xobeh.
  8665 | D:9      | Found an opulent altar of Gozag.
  8818 | D:9      | Noticed a two-headed ogre
  8829 | D:9      | Killed a two-headed ogre
  9164 | D:9      | Noticed a two-headed ogre
  9179 | D:9      | Killed a two-headed ogre
  9475 | D:9      | Reached ***** piety under Wu Jian
  9860 | D:10     | Entered Level 10 of the Dungeon
 10055 | D:10     | Found a staircase to the Lair.
 10347 | D:10     | Learned a level 2 spell: Passwall
 10416 | D:10     | Found a staircase to the Orcish Mines.
 10417 | D:10     | Noticed a skeletal warrior
 10443 | D:10     | Killed a skeletal warrior
 10461 | D:10     | Noticed a skeletal warrior
 10461 | D:10     | Noticed a skeletal warrior
 10511 | D:9      | Killed a skeletal warrior
 10511 | D:9      | Reached XP level 12. HP: 26/97 MP: 14/18
 11130 | D:10     | Reached skill level 1 in Stealth
 11279 | Lair:1   | Entered Level 1 of the Lair of Beasts
 11646 | Lair:1   | Reached skill level 2 in Stealth
 11670 | Lair:1   | Found a frozen archway.
 11703 | IceCv    | Entered an ice cave
 12453 | IceCv    | Reached skill level 3 in Stealth
 12772 | IceCv    | Reached skill level 10 in Fighting
 12784 | IceCv    | Reached skill level 10 in Dodging
 13060 | IceCv    | Reached skill level 4 in Stealth
 13284 | IceCv    | Reached skill level 5 in Spellcasting
 13731 | IceCv    | Noticed a death yak
 13750 | IceCv    | Reached skill level 10 in Transmutations
 13810 | IceCv    | Killed a death yak
 13810 | IceCv    | Reached skill level 5 in Stealth
 13810 | IceCv    | Reached skill level 1 in Earth Magic
 14101 | IceCv    | Noticed a frost giant
 14137 | IceCv    | Killed a frost giant
 14137 | IceCv    | Reached skill level 6 in Spellcasting
 14137 | IceCv    | Reached skill level 2 in Earth Magic
 14137 | IceCv    | Reached XP level 13. HP: 57/103 MP: 16/22
 14144 | IceCv    | Reached skill level 3 in Earth Magic
 14573 | IceCv    | Learned a level 5 spell: Yara's Violent Unravelling
 15020 | Lair:2   | Reached skill level 12 in Unarmed Combat
 15126 | Lair:2   | Reached skill level 1 in Hexes
 15135 | Lair:2   | Identified the Almanac of Mutagenic Calling
 15163 | Lair:2   | Found a hole to the Spider Nest.
 15202 | Lair:2   | Reached skill level 4 in Earth Magic
 15408 | Lair:2   | Reached skill level 7 in Spellcasting
 15677 | Lair:3   | Reached skill level 2 in Hexes
 15851 | Lair:3   | Reached skill level 6 in Stealth
 15851 | Lair:3   | Reached skill level 3 in Hexes
 16009 | Lair:3   | Noticed an ice dragon
 16032 | Lair:3   | Killed an ice dragon
 16032 | Lair:3   | Reached skill level 5 in Earth Magic
 17284 | Lair:4   | Reached skill level 4 in Hexes
 17353 | Lair:4   | Found a dark tunnel.
 17464 | Volcano  | Entered a volcano
 17581 | Volcano  | Reached skill level 7 in Stealth
 17599 | Volcano  | Reached skill level 6 in Earth Magic
 18237 | Volcano  | Reached skill level 5 in Hexes
 18237 | Volcano  | Reached XP level 14. HP: 64/111 MP: 25/25
 18622 | Lair:4   | Reached skill level 8 in Spellcasting
 18735 | Lair:4   | Reached skill level 7 in Earth Magic
 19044 | Lair:4   | Found a staircase to the Swamp.
 19686 | Lair:5   | Found a staircase to the Slime Pits.
 19784 | Lair:5   | Upgraded the game from 0.20-a0-1006-ge6c5631 to 0.20-a0-1008-g0de3dc5
 20477 | Lair:6   | Entered Level 6 of the Lair of Beasts
 20489 | Lair:6   | Reached skill level 6 in Hexes
 20497 | Lair:5   | Reached skill level 8 in Stealth
 21842 | Lair:6   | Reached skill level 8 in Earth Magic
 22073 | Lair:6   | Reached skill level 7 in Hexes
 22485 | Lair:6   | Reached ****** piety under Wu Jian
 23198 | Lair:6   | Reached XP level 15. HP: 63/117 MP: 25/27
 24262 | Lair:6   | Reached skill level 11 in Fighting
 24292 | Lair:6   | Reached skill level 8 in Hexes
 24429 | Lair:1   | Learned a level 4 spell: Petrify
 24482 | Orc:1    | Entered Level 1 of the Orcish Mines
 24623 | Orc:1    | Noticed Erolcha
 24633 | Orc:1    | Killed Erolcha
 25251 | Orc:2    | Entered Level 2 of the Orcish Mines
 25315 | Orc:2    | Reached skill level 11 in Dodging
 25392 | Orc:2    | Noticed Nergalle
 25400 | Orc:2    | Killed Nergalle
 25400 | Orc:2    | Reached skill level 9 in Earth Magic
 25407 | Orc:2    | Paralysed by an orc sorcerer for 4 turns
 25540 | Orc:2    | Noticed an orc warlord
 25721 | Orc:1    | Killed an orc warlord
 25790 | Orc:2    | Found a roughly hewn altar of Beogh.
 25793 | Orc:2    | Found Qoimipic's General Store.
 25814 | Orc:2    | Found Fiydaddy's Antique Weapon Emporium.
 25842 | Orc:2    | Found Dibegeiz's Book Emporium.
 26079 | Orc:2    | Noticed an orc warlord
 26129 | Orc:2    | Killed an orc warlord
 26154 | Orc:2    | Noticed Saint Roka
 26307 | Orc:2    | Found a staircase to the Elven Halls.
 26374 | Orc:2    | Bought a potion of haste for 160 gold pieces
 26374 | Orc:2    | Bought a scroll of magic mapping for 56 gold pieces
 26374 | Orc:2    | Bought 2 scrolls of teleportation for 96 gold pieces
 26374 | Orc:2    | Bought a scroll of identify for 32 gold pieces
 26528 | Orc:2    | Found Faddolacha's Antique Armour Emporium.
 26577 | Orc:2    | Paralysed by an orc sorcerer for 5 turns
 26738 | Orc:2    | Reached skill level 13 in Unarmed Combat
 26833 | Orc:2    | Upgraded the game from 0.20-a0-1008-g0de3dc5 to 0.20-a0-1015-g2ec8a95
 26929 | Orc:2    | Killed Saint Roka
 27210 | D:11     | Reached skill level 9 in Hexes
 27724 | D:12     | Found Mujy's Magic Scroll Shop.
 27730 | D:12     | Bought a scroll of blinking for 127 gold pieces
 27730 | D:12     | Bought a scroll of teleportation for 51 gold pieces
 27730 | D:12     | Bought a scroll of identify for 34 gold pieces
 27730 | D:12     | Bought a scroll of identify for 34 gold pieces
 27730 | D:12     | Bought a scroll of blinking for 127 gold pieces
 27730 | D:12     | Bought a scroll of fog for 34 gold pieces
 27749 | D:12     | Found a labyrinth entrance.
 27758 | Lab      | Entered a labyrinth
 28230 | Lab      | Identified the Catalogue of Mutagenic Translocation
 28892 | D:12     | Reached XP level 16. HP: 110/125 MP: 28/28
 29142 | Lair:1   | Learned a level 6 spell: Hydra Form
 29418 | D:13     | Found a gate to the Vaults.
 31262 | D:14     | Reached skill level 10 in Earth Magic
 32410 | D:15     | Entered Level 15 of the Dungeon
 32417 | D:15     | Identified the Guide on Lethal Good Luck
 32644 | D:15     | Reached skill level 9 in Spellcasting
 33237 | D:14     | HP: 6/125 [skeletal warrior/dire flail (10)]
 33730 | Lair:1   | Learned a level 1 spell: Apportation
 33837 | D:13     | Got a faintly humming leather armour
 33878 | D:13     | Identified the +2 leather armour "Neeth" {rF+ rN++ MR-} (You found it on level 13 of the Dungeon)
 34096 | Swamp:1  | Entered Level 1 of the Swamp
 34698 | Swamp:1  | HP: 4/125 [something (6)]
 35053 | Swamp:1  | Slain by a very large slime creature

Vault maps used:
D:1:      saegor_arrival_simple_d, minmay_tromino_v7
D:2:      dancing_weapons_uskayaw, lemuel_doored_altar
D:3:      marbit_many_paths, tgw_xom, first_bread, minmay_tree_intersection,
          minivault_23, uniq_robin
D:4:      grunt_dithmenos_shadows, temple_pool_b
D:6:      lemuel_crystal_altar, kennysheep_small_spiral,
          nicolae_ru_awakened_eye, uniq_eustachio
D:7:      overflow_temple_1_default, tgw_sif, okawaru_humans
D:8:      nemelex_altar_shiori, grunt_ogre_cave, roderic_serpentine_path,
          uniq_erica, uniq_maurice
D:9:      lemuel_crystal_altar, minmay_curled_crystal, chequers_big_river
D:10:     david_lair_generic, orc_0_dummy
D:12:     lab_entry_generic, serial_shops, nicolae_shop_waterfront
D:13:     david_vaults_2, minivault_15, minivault_28
D:14:     nicolae_lava_and_water, minmay_misc_feat_chi, hangedman_decor_push
D:15:     gammafunk_enter_depths_forms, minmay_misc_feat_square, moated_statue,
          dk_noncrumbling_4
Lair:1:   portal_ice_cave_demonic_guard
Lair:2:   spider_nest_entry_webs, nicolae_quartered_pool_little
Lair:3:   st_stairs_4, ice2_lemuel
Lair:4:   nicolae_swamp_entry_splash_gauntlet, lightli_volcano_entry_magma_tube,
          serial_bayou, serial_bayou_lagoon_a, serial_bayou_shore_a,
          serial_bayou_pond_c, serial_bayou_ford_a, minmay_hedge_maze
Lair:5:   slime_dummy, dpeg_oklob_1
Lair:6:   minmay_lair_end_enchanted_forest, grunt_megastairs_3
Swamp:1:  evilmike_swamp_ruin_rubble_2, swamp_pool3
Orc:1:    nicolae_orc_flooded_monolith, uniq_erolcha
Orc:2:    grunt_orc_cross, lightli_orcish_oven, uniq_saint_roka
Lab:      labyrinth_mini_lab, labyrinth_skeletal_remains
IceCv:    ice_cave_caverns_01
Volcano:  volcano_tomb

Skill      XL: |  1  2  3  4  5  6  7  8  9 10 11 12 13 14 15 16 |
---------------+-------------------------------------------------+-----
Unarmed Combat | 5 6 7 8 9 10 11 12 13 | 13.5
Transmutations | 4 5 6 8 9 10 | 10.2
Poison Magic   | 1 2 |  2.0
Spellcasting   | 4 6 7 8 9 |  9.2
Fighting       | 2 3 4 6 8 9 10 11 | 11.0
Ice Magic      | 1 2 4 |  4.0
Dodging        | 4 5 6 8 9 10 11 | 11.4
Stealth        | 5 7 8 |  8.0
Earth Magic    | 2 6 8 9 10 | 10.2
Hexes          | 5 7 9 |  9.8

Action                   |  1- 3 |  4- 6 |  7- 9 | 10-12 | 13-15 | 16-18 || total
-------------------------+-------+-------+-------+-------+-------+-------++-------
Melee: Unarmed           |   105 |   211 |   347 |   764 |  1436 |   655 ||  3518
       Headbutt          |     2 |       |       |       |       |       ||     2
       Bite              |    11 |     5 |    23 |    45 |   161 |   112 ||   357
       Punch             |     5 |     3 |     8 |    28 |    64 |    64 ||   172
       Kick              |     6 |       |     6 |       |     1 |       ||    13
 Cast: Beastly Appendage |    12 |       |     3 |       |     1 |       ||    16
       Sticks to Snakes  |     1 |       |       |       |     6 |       ||     7
       Spider Form       |     2 |    14 |    11 |    12 |       |       ||    39
       Ice Form          |       |       |     5 |    17 |    26 |     6 ||    54
       Blade Hands       |       |       |     1 |    17 |    85 |    31 ||   134
       Yara's Violent Un |       |       |       |       |    12 |       ||    12
       Apportation       |       |       |       |       |       |     4 ||     4
       Hydra Form        |       |       |       |       |       |     1 ||     1
Invok: Heavenly Storm    |       |       |       |     1 |     3 |       ||     4
       Serpent's Lash    |       |       |       |     1 |     1 |       ||     2
 Abil: End Transformatio |       |       |       |     1 |     5 |     1 ||     7
  Use: Scroll            |       |     4 |     3 |    11 |    14 |     6 ||    38
       Potion            |       |       |       |     2 |    10 |     5 ||    17
 Stab: Sleeping          |     1 |     5 |     7 |     6 |    33 |    15 ||    67
       Distracted        |       |       |       |     1 |     7 |     5 ||    13
  Eat: Chunk             |     2 |     8 |    14 |    29 |    59 |    21 ||   133
       Royal jelly       |       |       |       |     1 |     1 |     1 ||     3
       Bread ration      |       |       |       |     1 |     2 |     1 ||     4
       Fruit             |       |       |       |     1 |    10 |     3 ||    14
       Meat ration       |       |       |       |       |     1 |       ||     1
Armor: Robe              |     9 |    17 |    26 |    29 |       |       ||    81
       Skin              |       |     5 |     9 |    33 |    24 |     5 ||    76
       Steam dragon scal |       |       |       |    41 |   108 |       ||   149
       Troll leather arm |       |       |       |       |    51 |    71 ||   122
Dodge: Dodged            |    71 |   135 |   222 |   573 |  1036 |   438 ||  2475
